 Dungeon Crawl Stone Soup version 0.24.0-29-g8ce449bc06 (webtiles) character file.

Game seed: 12233710989523809232, levelgen mode: deterministic

137234 Flugslaktarn the Severer (level 16, -4/151 HPs)
             Began as a Deep Dwarf Fighter on Nov 13, 2019.
             Was the Champion of Makhleb.
             Hit by a silver javelin thrown by a merfolk javelineer (26 damage)
             ... on level 4 of the Shoals.
             The game lasted 00:18:19 (14142 turns).

Flugslaktarn the Severer (Deep Dwarf Fighter)      Turns: 14142, Time: 00:18:20

Health: -4/151     AC: 31    Str: 20 (27) XL:     16   Next: 38%
Magic:  10/10      EV:  6    Int:  9      God:    Makhleb [******]
Gold:   1103       SH: 19    Dex: 10      Spells: 15/15 levels left

rFire    + . .     SeeInvis .   G - +3 war axe (elec)
rCold    + . .     Gourm    .   R - +0 large shield
rNeg     + . .     Faith    .   S - +3 chain mail {MR+}
rPois    +         Spirit   .   H - +2 helmet
rElec    +         Reflect  .   g - +0 cloak
rCorr    .         Harm     .   b - +1 pair of gloves
MR       +++..                  C - +2 pair of boots
Stlth    ..........             (no amulet)
HPRegen  0.00/turn              K - ring of Xel Zydi {rPois rF+ rC+}
MPRegen  0.12/turn              p - +4 ring of protection

@: lethally poisoned (-4 -> -4), non-regenerating
A: damage resistance, heal wounds, clumsy 1, negative energy resistance 1, sense
surroundings 2, electricity resistance, no regeneration
}: 1/15 runes: gossamer
a: Heal Wounds, Minor Destruction, Lesser Servant of Makhleb, Major Destruction,
Greater Servant of Makhleb, Renounce Religion


You were on level 4 of the Shoals.
You worshipped Makhleb.
Makhleb was exalted by your worship.
You were hungry.

You visited 5 branches of the dungeon, and saw 25 of its levels.

You collected 1428 gold pieces.
You spent 325 gold pieces at shops.

Inventory:

Hand Weapons
 G - a +3 war axe of electrocution (weapon)
   (You took it off an orc on level 5 of the Dungeon)
Missiles
 o - 2 throwing nets (quivered)
Armour
 b - a +1 pair of gloves (worn)
   (You found it on level 10 of the Dungeon)
 g - a +0 cloak (worn)
   (You found it on level 1 of the Lair of Beasts)
 A - a +0 chain mail of poison resistance
   (You found it on level 5 of the Lair of Beasts)
 C - a +2 pair of boots (worn)
   (You found it on level 7 of the Dungeon)
 H - a +2 helmet (worn)
   (You found it on level 8 of the Dungeon)
 R - a +0 large shield (worn)
   (You took it off Louise on level 3 of the Spider Nest)
 S - a +3 chain mail of magic resistance (worn)
   (You took it off Louise on level 3 of the Spider Nest)
Jewellery
 c - an uncursed ring of protection from cold
   (You found it on level 4 of the Dungeon)
 n - an uncursed ring of positive energy
   (You found it on level 6 of the Lair of Beasts)
 p - a +4 ring of protection (right hand)
   (You found it on level 4 of the Dungeon)
 x - an uncursed ring of fire
   (You found it on level 10 of the Dungeon)
 B - an uncursed ring of protection from cold
   (You found it on level 3 of the Lair of Beasts)
 F - a +5 ring of intelligence {unknown}
   (You found it on level 4 of the Shoals)
 K - the ring of Xel Zydi (left hand) {rPois rF+ rC+}
   (You found it on level 3 of the Spider Nest)

   [ring of protection from fire]

   It protects you from fire.
   It protects you from cold.
   It protects you from poison.
Wands
 k - a wand of clouds (6)
   (You found it on level 4 of the Spider Nest)
 u - a wand of enslavement (16)
   (You found it on level 5 of the Dungeon)
 v - a wand of digging (12)
   (You took it off Blork the orc on level 4 of the Dungeon)
 E - a wand of paralysis (5)
   (You took it off a wight on level 8 of the Dungeon)
 J - a wand of acid (13)
   (You found it on level 10 of the Dungeon)
Scrolls
 l - 5 scrolls of immolation
 m - 6 scrolls of enchant weapon
 r - 4 scrolls of identify
 t - 3 scrolls of teleportation
 w - 4 scrolls of remove curse
 z - 2 scrolls of blinking
 D - 3 scrolls of enchant armour
 L - 3 scrolls of fear
Potions
 a - 3 potions of brilliance
 d - 2 potions of might
 f - a potion of flight
 h - 2 potions of haste
 i - 6 potions of ambrosia
 j - 2 potions of lignification
 q - 6 potions of curing
 s - 5 potions of agility
 y - 3 potions of heal wounds
 I - 3 potions of berserk rage
 N - a potion of cancellation
 P - a potion of degeneration {unknown}
 Q - a potion of resistance
Miscellaneous
 O - a box of beasts
Comestibles
 e - 39 rations
 M - 14 chunks of flesh


   Skills:
 + Level 11.5 Fighting
 - Level 16.9 Axes
 + Level 13.3 Armour
 + Level 13.4 Shields
 - Level 15.0 Invocations
 - Level 11.0 Evocations


You had 15 spell levels left.
You didn't know any spells.
Your spell library was empty.

Dungeon Overview and Level Annotations

Branches:
Dungeon (10/15)            Temple (1/1) D:7            Lair (6/6) D:8
 Shoals (4/4) Lair:4       Spider (4/4) Lair:4        Slime (0/5) Lair:5
    Orc (0/2) D:10

Altars:
Ashenzari
Cheibriados
Dithmenos
Elyvilon
Fedhas
Hepliaklqana
Makhleb
Qazlal
Trog
Uskayaw
Vehumet
Xom
Yredelemnul
The Shining One
Beogh

Shops:
D:10 (*!

Annotations:
D:4 3 runed translucent doors, OleJ's ghost, weakling FeAK
Lair:2 exclusion: 2 oklob plants
Shoals:1 Mara
Spider:4 exclusion: upstairs


Innate Abilities, Weirdness & Mutations

You are resistant to damage.
You can heal yourself by infusing magical energy.
You resist negative energy. (rN+)
You passively map the area around you.
You do not regenerate.
You are clumsy. (Dex -2)
You are resistant to electric shocks. (rElec)


Message History

* * * LOW HITPOINT WARNING * * *
The silver sears you!
* * * LOW HITPOINT WARNING * * *
You feel much better. You block the merfolk impaler's attack.
The merfolk javelineer throws a javelin.
The javelin pierces through you.
* * * LOW HITPOINT WARNING * * *
The merfolk javelineer throws a silver javelin.
The silver javelin pierces through you!!
* * * LOW HITPOINT WARNING * * *
The silver sears you!
The merfolk impaler hits you from afar with a +1 trident of venom!
* * * LOW HITPOINT WARNING * * *
You feel much better. You block the merfolk impaler's attack.
The merfolk javelineer throws a javelin.
The javelin pierces through you!
* * * LOW HITPOINT WARNING * * *
The merfolk javelineer throws a silver javelin.
The silver javelin pierces through you!!
You die...

,,,*****,≈≈,,≈≈≈≈≈≈≈≈..≈≈.≈≈...##
,,,** *,≈≈≈≈≈≈≈≈≈≈≈..≈≈.$.≈...##
,,,,****,≈≈≈≈≈≈≈≈≈≈≈≈≈≈≈.......#.
,,,,,,,,,≈≈≈≈≈≈≈≈≈≈≈≈≈≈≈..#....÷.
,≈,,,,,,≈≈≈≈≈≈≈#####≈≈≈≈.....≈≈(÷
≈,,,≈,,,,≈≈≈≈≈##...##≈≈≈≈.≈≈≈≈≈..
≈≈,,≈,,,,,≈≈≈≈#.....#............
≈≈,,,,,,,,≈≈≈≈#m.:..#....≈.......
≈≈,,,,,,,,,≈,,#(@m..#..≈.......$.
≈≈≈,,,,,,,,.,,##()m##..≈..###....
≈≈≈≈≈≈≈≈,,,...)##(##...≈..###....
≈≈≈≈≈≈≈≈,,.................#.....
≈≈≈≈≈≈≈≈≈≈..............≈........
≈≈≈≈≈≈≈≈≈≈..............≈≈≈....≈≈
≈≈≈≈≈≈≈≈≈,........)((...≈≈≈....,≈
≈≈≈≈≈≈≈≈≈≈.............≈≈≈≈≈...≈≈
≈≈≈≈≈≈≈≈≈≈..........(..≈≈≈≈≈≈≈≈≈,


You could see a merfolk impaler and 2 merfolk javelineers.

Vanquished Creatures
  Gastronok (Lair:3)
  Polyphemus (Shoals:3)
  Aizul (Shoals:2)
  6 ghost moths
  8 emperor scorpions
  4 entropy weavers
  2 spark wasps
  3 merfolk impalers
  2 hydras (Lair:6)
  3 merfolk avatars
  2 catoblepae
  2 two-headed ogres (D:9)
  2 merfolk aquamancers
  An alligator snapping turtle (Shoals:4)
  3 death yaks (Shoals:3)
  Sonja (Lair:5)
  A fire crab (Lair:6)
  7 sea snakes
  2 unseen horrors (D:10)
  4 harpies
  9 orb spiders
  2 cyclopes
  12 wolf spiders
  6 manticores
  4 fauns
  A moth of wrath (Spider:4)
  3 merfolk sirens
  An elephant (Lair:6)
  3 water nymphs
  2 black mambas
  9 spiny frogs
  2 torpor snails
  A gargoyle (D:10)
  11 komodo dragons
  6 rime drakes (Lair:6)
  A kobold demonologist (D:9)
  8 demonic crawlers
  2 trolls (D:10)
  5 merfolk
  A queen bee (Lair:2)
  A polar bear (shapeshifter) (D:10)
  4 hornets
  5 wind drakes
  17 jumping spiders
  4 polar bears
  Prince Ribbit (D:5)
  11 dream sheep
  2 snapping turtles
  10 hippogriffs
  17 tarantellas
  A spriggan (Lair:5)
  56 redbacks
  6 water elementals
  6 wyverns
  40 yaks
  3 hogs (D:10)
  A human (D:10)
  A basilisk (Lair:6)
  A hungry ghost (D:8)
  Menkaure (D:7)
  10 water moccasins
  7 porcupines
  4 sky beasts
  5 orc warriors
  2 black bears
  An ice beast (D:8)
  9 wolves
  A phantom (D:9)
  8 centaurs
  12 crocodiles
  22 big kobolds
  Blork the orc (D:4)
  A wyvern zombie (D:7)
  11 bullfrogs
  A wyvern skeleton (D:7)
  7 scorpions
  40 killer bees
  8 wights
  A howler monkey (D:8)
  7 crimson imps
  A centaur zombie (D:7)
  An electric eel (Lair:3)
  5 hounds
  A centaur skeleton (D:4)
  9 jellies
  4 orc priests
  A bullfrog skeleton (D:7)
  An iguana (D:7)
  13 orc wizards
  4 hell rats (Lair:5)
  13 worker ants
  2 hound skeletons (D:4)
  4 gnolls (D:5)
  A howler monkey skeleton (D:10)
  12 adders
  2 shadow imps (D:10)
  3 oozes
  An adder zombie (D:5)
  4 worms
  3 dart slugs
  4 leopard geckos
  59 orcs
  3 giant cockroaches
  4 goblins
  4 hobgoblins
  14 jackals
  6 quokkas
  2 ball pythons (D:3)
  4 bats
  3 frilled lizards
  A jackal skeleton (D:6)
  28 kobolds
  2 leopard gecko skeletons
  3 rats
  5 fungi
  8 plants
726 creatures vanquished.

Vanquished Creatures (collateral kills)
  Nikola (Spider:4)
  Arachne (Spider:4)
  Rupert (Lair:3)
  Ilsuiw (Shoals:3)
  Louise (Spider:3)
  2 merfolk impalers (Shoals:3)
  5 hydras
  A merfolk avatar (Shoals:3)
  A death yak (Shoals:3)
  2 orb spiders (Spider:4)
  A merfolk siren (Shoals:3)
  3 merfolk (Shoals:3)
  A redback (Spider:4)
  A water moccasin (Lair:3)
  A crocodile (Lair:5)
23 creatures vanquished.

Vanquished Creatures (others)
  A satyr (Shoals:4)
  A wolf spider (Spider:4)
  A tarantella (Spider:4)
  3 redbacks (Spider:4)
  2 fungi
  7 plants
15 creatures vanquished.

Grand Total: 764 creatures vanquished

Notes
Turn   | Place    | Note
-------+----------+-------------------------------------------
     0 | D:1      | Flugslaktarn the Deep Dwarf Fighter began the quest for the
                  | Orb.
     0 | D:1      | Reached XP level 1. HP: 20/20 MP: 1/1
   131 | D:1      | Reached XP level 2. HP: 27/27 MP: 2/2
   208 | D:3      | Reached skill level 3 in Axes
   211 | D:3      | Reached XP level 3. HP: 22/33 MP: 3/3
   226 | D:3      | Found a basalt altar of Yredelemnul.
   280 | D:3      | Reached XP level 4. HP: 42/42 MP: 4/4
   312 | D:3      | HP: 2/42 [orc/+2 vampiric whip (1)]
   495 | D:3      | Reached skill level 4 in Axes
   495 | D:3      | Reached XP level 5. HP: 28/49 MP: 3/3
   550 | D:4      | Noticed Blork the orc
   561 | D:4      | Killed Blork the orc
   561 | D:4      | Reached XP level 6. HP: 29/56 MP: 3/3
   760 | D:4      | Found a runed translucent gate.
   760 | D:4      | Found a runed translucent gate.
   760 | D:4      | Found a runed translucent gate.
   763 | D:4      | Noticed OleJ's ghost (weakling FeAK)
   778 | D:4      | Identified the +1 scale mail of Negation {rPois Regen+
                  | rCorr Dex+6}
   780 | D:4      | Found a roughly hewn altar of Beogh.
   798 | D:4      | Reached skill level 5 in Axes
  1127 | D:5      | Entered Level 5 of the Dungeon
  1135 | D:5      | Reached XP level 7. HP: 46/64 MP: 3/3
  1161 | D:5      | Reached skill level 5 in Armour
  1161 | D:5      | Reached skill level 5 in Shields
  1273 | D:5      | Reached skill level 6 in Axes
  1430 | D:5      | Found a shattered altar of Ashenzari.
  1430 | D:5      | Found a faded altar of an unknown god.
  1439 | D:5      | Found a blossoming altar of Fedhas.
  1441 | D:5      | Found a bloodstained altar of Trog.
  1443 | D:5      | Found a faded altar of an unknown god.
  1607 | D:5      | Reached XP level 8. HP: 59/73 MP: 2/2
  1659 | D:5      | Noticed Prince Ribbit
  1677 | D:5      | Killed Prince Ribbit
  1677 | D:5      | Reached skill level 7 in Axes
  1939 | D:6      | Reached skill level 5 in Fighting
  2224 | D:6      | Found a glowing golden altar of the Shining One.
  2400 | D:7      | Reached skill level 8 in Axes
  2527 | D:7      | Found a snail-covered altar of Cheibriados.
  2555 | D:7      | Found a radiant altar of Vehumet.
  2575 | D:7      | Noticed Menkaure
  2580 | D:7      | Killed Menkaure
  2583 | D:7      | Found a staircase to the Ecumenical Temple.
  2583 | D:7      | Noticed a hippogriff
  2588 | D:7      | Killed a hippogriff
  2588 | D:7      | Gained mutation: You passively map the area around you.
                  | [Deep Dwarf growth]
  2588 | D:7      | Reached XP level 9. HP: 63/81 MP: 2/2
  2600 | Temple   | Entered the Ecumenical Temple
  2618 | Temple   | Became a worshipper of Makhleb the Destroyer
  2848 | D:7      | Reached skill level 9 in Axes
  3056 | D:8      | Reached * piety under Makhleb
  3302 | D:8      | Found a staircase to the Lair.
  3310 | D:8      | Found a stormy altar of Qazlal.
  3315 | D:8      | Reached skill level 10 in Axes
  3348 | D:8      | Noticed a manticore
  3362 | D:8      | Killed a manticore
  3362 | D:8      | Reached XP level 10. HP: 60/92 MP: 3/3
  3405 | D:8      | Reached ** piety under Makhleb
  3925 | D:9      | Reached skill level 11 in Axes
  3929 | D:9      | Noticed a soul eater
  3948 | D:9      | Reached *** piety under Makhleb
  4018 | D:9      | Noticed a two-headed ogre
  4023 | D:9      | Killed a two-headed ogre
  4038 | D:9      | Noticed a two-headed ogre
  4047 | D:9      | Killed a two-headed ogre
  4047 | D:9      | Reached XP level 11. HP: 100/100 MP: 4/4
  4105 | D:9      | Reached skill level 12 in Axes
  4220 | D:9      | Reached **** piety under Makhleb
  4347 | D:10     | Entered Level 10 of the Dungeon
  4389 | D:10     | Found Hoywk's Distillery.
  4392 | D:10     | Bought a potion of curing for 45 gold pieces
  4392 | D:10     | Bought a potion of might for 60 gold pieces
  4392 | D:10     | Bought a potion of curing for 45 gold pieces
  4397 | D:10     | Gained mutation: You are clumsy. (Dex -2) [potion of
                  | mutation]
  4397 | D:10     | Gained mutation: You are resistant to electric shocks.
                  | (rElec) [potion of mutation]
  4504 | D:10     | Found a staircase to the Orcish Mines.
  4648 | D:10     | Reached ***** piety under Makhleb
  4705 | D:10     | Killed an unseen horror
  4802 | D:10     | Found Jainyele's Weapon Shop.
  4896 | D:10     | Found Duyqim's Assorted Antiques.
  4902 | D:10     | Bought a scratched jade ring for 125 gold pieces
  4902 | D:10     | Bought a scroll of identify for 50 gold pieces
  5132 | D:10     | Killed an unseen horror
  5132 | D:10     | Reached skill level 13 in Axes
  5165 | D:10     | Reached skill level 10 in Shields
  5167 | D:10     | Reached skill level 10 in Armour
  5280 | Lair:1   | Entered Level 1 of the Lair of Beasts
  5540 | Lair:1   | Reached skill level 1 in Invocations
  5552 | Lair:1   | Reached XP level 12. HP: 112/112 MP: 4/6
  6210 | Lair:2   | Reached skill level 1 in Evocations
  6803 | Lair:3   | Noticed an eight-headed hydra
  6820 | Lair:3   | Killed an eight-headed hydra
  6946 | Lair:3   | Noticed Rupert
  6958 | Lair:3   | Killed Rupert
  6958 | Lair:3   | Reached skill level 5 in Invocations
  7009 | Lair:3   | Noticed Gastronok
  7032 | Lair:3   | Killed Gastronok
  7032 | Lair:3   | Reached skill level 14 in Axes
  7085 | Lair:3   | You fall into a shaft and drop 1 floor!
  7132 | Lair:4   | Found a staircase to the Shoals.
  7230 | Lair:4   | Noticed an eight-headed hydra
  7253 | Lair:4   | Killed an eight-headed hydra
  7645 | Lair:4   | Found a hole to the Spider Nest.
  7946 | Lair:5   | Noticed Sonja
  7955 | Lair:5   | Killed Sonja
  7955 | Lair:5   | Reached XP level 13. HP: 110/121 MP: 11/11
  8266 | Lair:5   | Found a staircase to the Slime Pits.
  8815 | Lair:6   | Entered Level 6 of the Lair of Beasts
  8824 | Lair:6   | Reached skill level 5 in Evocations
  9172 | Lair:6   | Reached skill level 15 in Axes
  9349 | Lair:6   | Reached skill level 10 in Invocations
  9583 | Lair:6   | Gained mutation: You resist negative energy. (rN+) [Deep
                  | Dwarf growth]
  9583 | Lair:6   | Reached XP level 14. HP: 130/130 MP: 14/14
 10069 | Spider:1 | Entered Level 1 of the Spider Nest
 10097 | Spider:1 | Reached skill level 10 in Fighting
 10140 | Spider:1 | Reached ****** piety under Makhleb
 10256 | Spider:2 | Killed a ghost moth
 10896 | Spider:2 | Noticed an emperor scorpion
 10936 | Spider:2 | Killed an emperor scorpion
 11311 | Spider:3 | Got a crude pewter ring
 11375 | Spider:3 | Killed a ghost moth
 11533 | Spider:3 | Noticed an entropy weaver
 11541 | Spider:3 | Reached skill level 16 in Axes
 11549 | Spider:3 | Killed an entropy weaver
 11556 | Spider:3 | Noticed an emperor scorpion
 11619 | Spider:3 | Killed an emperor scorpion
 11639 | Spider:3 | Noticed an entropy weaver
 11647 | Spider:3 | Killed an entropy weaver
 11803 | Spider:3 | Noticed an entropy weaver
 11806 | Spider:4 | Entered Level 4 of the Spider Nest
 11910 | Spider:4 | Noticed an entropy weaver
 11921 | Spider:4 | Reached XP level 15. HP: 133/140 MP: 15/15
 11925 | Spider:4 | Noticed Nikola
 11961 | Spider:4 | Noticed Arachne
 11963 | Spider:4 | Killed Nikola
 12004 | Spider:4 | Killed Arachne
 12285 | Spider:4 | Killed a ghost moth
 12307 | Spider:4 | Killed a ghost moth
 12387 | Spider:4 | Killed a ghost moth
 12499 | Spider:4 | Killed a ghost moth
 12578 | Spider:4 | Got a gossamer rune of Zot
 12768 | Spider:3 | Noticed Louise
 12783 | Spider:3 | Killed Louise
 12813 | Spider:3 | Identified the ring of Xel Zydi {rPois rF+ rC+} (You found
                  | it on level 3 of the Spider Nest)
 13034 | Shoals:1 | Entered Level 1 of the Shoals
 13166 | Shoals:2 | Reached skill level 10 in Evocations
 13185 | Shoals:3 | Noticed Aizul
 13185 | Shoals:3 | Noticed Mara
 13193 | Shoals:3 | Noticed Flugslaktarn's illusion
 13210 | Shoals:2 | Noticed Flugslaktarn's illusion
 13226 | Shoals:2 | Killed Aizul
 13259 | Shoals:1 | Noticed Flugslaktarn's illusion
 13597 | Shoals:3 | Reached XP level 16. HP: 59/150 MP: 11/11
 13607 | Shoals:3 | Noticed Ilsuiw
 13659 | Shoals:3 | Killed Ilsuiw
 13770 | Shoals:3 | Noticed Polyphemus
 13793 | Shoals:3 | Killed Polyphemus
 13866 | Shoals:4 | Entered Level 4 of the Shoals
 13996 | Shoals:4 | Reached skill level 15 in Invocations
 14141 | Shoals:4 | HP: 5/151 [merfolk impaler/+1 trident of venom (12)]
 14142 | Shoals:4 | Hit by a silver javelin thrown by a merfolk javelineer

Levels and vault maps discovered:
D:1:      nicolae_arrival_washed_ashore, layout_loops_ring, st_stairs_5,
          roderic_serpentine_path
D:2:      layout_loops_ring, first_ration, supply_closet_lemuel,
          minmay_misc_feat_more_columns, makhleb_blood_cavern_becter
D:3:      layout_basic, old_standard_altar, zin_angel, uniq_crazy_yiuf_cottage
D:4:      layout_cave_pools, biasface_ghost_orc_armoury, uniq_blork_the_orc
D:5:      layout_loops_cross, chequers_temple_overflow_minitemple,
          uniq_prince_ribbit1
D:6:      layout_rooms, lemuel_coloured_pillars_altar
D:7:      layout_loops_ring, lemuel_crystal_altar,
          minmay_temple_entry_sparse_star, basic_altar, uniq_menkaure
D:8:      layout_gridville, nicolae_qazlal_style_of_elements, lair_entry_dummy
D:9:      layout_roguey [special_room_kobold]
D:10:     hangedman_cross_stitches, layout_loops_ring, hiddenorc2_lemuel,
          serial_shops, nicolae_shop_overgrown_old_shop, shop, shop,
          grunt_livestock
Temple:   zaba_magenta_temple
Lair:1:   layout_regular_city
Lair:2:   layout_gridlike, special_room [special_room_bee],
          minmay_lair_oklob_chamber
Lair:3:   layout_cave_pods, gammafunk_ghost_hive, nicolae_quartered_pool_super,
          uniq_gastronok, uniq_rupert
Lair:4:   layout_loops_ring, minmay_shoals_entry_centaurs,
          nicolae_spider_entry_orb_guardian
Lair:5:   layout_regular_city, nicolae_slime_entry_slimehenge,
          grunt_forest_stairs_clearing, lemuel_fruit_tree, uniq_sonja
Lair:6:   gammafunk_lair_ancient_temple, layout_regular_city
Shoals:1: layout_shoals, ebering_ghost_inner_flame
Shoals:2: layout_shoals
Shoals:3: layout_shoals, uniq_aizul, uniq_mara, uniq_ilsuiw, uniq_polyphemus
Shoals:4: shoals_end_simple, layout_shoals, uniq_kirke
Spider:1: layout_spider_delve, zaba_antful_of_joy
Spider:2: layout_chambers, hangedman_spider_tarantella_strand
Spider:3: layout_chambers, special_room, uniq_louise
Spider:4: grunt_spider_rune_circles, nicolae_spider_cling_ruins, uniq_arachne,
          uniq_nikola

Skill      XL: |  1  2  3  4  5  6  7  8  9 10 11 12 13 14 15 16 |
---------------+-------------------------------------------------+-----
Axes           | 3 4 5 6 8 10 11 13 14 15 16 | 16.9
Fighting       | 3 4 5 6 7 8 9 10 11 | 11.5
Armour         | 4 5 6 7 9 10 11 12 13 | 13.3
Shields        | 4 5 6 7 9 10 11 12 13 | 13.4
Invocations    | 2 7 10 12 14 15 | 15.0
Evocations     | 4 6 8 10 11 | 11.0

Action                   |  1- 3 |  4- 6 |  7- 9 | 10-12 | 13-15 | 16-18 || total
-------------------------+-------+-------+-------+-------+-------+-------++-------
Melee: War axe           |    89 |   177 |   298 |   645 |  1252 |   228 ||  2689
Invok: Lesser Servant of |       |       |       |    10 |    21 |       ||    31
       Minor Destruction |       |       |       |       |     3 |       ||     3
       Major Destruction |       |       |       |       |     1 |       ||     1
       Greater Servant o |       |       |       |       |       |     1 ||     1
 Abil: Heal Wounds       |     2 |     7 |    14 |     5 |    42 |    22 ||    92
Evoke: Wand              |       |       |       |       |    16 |       ||    16
  Use: Potion            |       |     2 |     2 |     1 |     5 |     1 ||    11
       Scroll            |       |       |       |    20 |     6 |     1 ||    27
 Stab: Petrified         |       |       |       |       |     2 |       ||     2
       Paralysed         |       |       |       |       |    13 |       ||    13
       Distracted        |       |       |       |       |       |     1 ||     1
  Eat: Chunk             |       |     1 |     9 |    16 |    13 |     2 ||    41
       Ration            |       |       |       |       |     2 |       ||     2
Armor: Scale mail        |    45 |    78 |    21 |       |       |       ||   144
       Chain mail        |       |       |   109 |   379 |  1179 |   232 ||  1899
       Skin              |       |       |    13 |       |       |       ||    13
Dodge: Dodged            |    70 |    45 |    63 |   159 |   404 |    67 ||   808
Block: Shield            |    67 |   112 |   134 |   433 |   812 |       ||  1558
       Large shield      |       |       |       |       |   225 |   285 ||   510
